Map: Oxide LE

Players

LiquidClem (Clem) - Winner!

  • Race: Terran Terran
  • League: Grandmaster

HeroMarine

  • Race: Terran Terran
  • League: Master

Event: DreamHack SC2 Masters 2021 Summer

VOD

Have the link to the VOD?

Description

Time

  • Played on: June 4, 2021, 2:50 p.m.
  • Length: 13:12

All games in this series

Show
View Real Time Build Order
Export as new Build Order

LiquidClem Terran - Winner!

Build Orders: Gas First Reaper Expand 

Get SALT Encoding   

  12  0:00  SCV  
  13  0:12  SCV  
  14  0:16  Supply Depot  
  14  0:24  SCV  
  15  0:29  Refinery  
  15  0:38  SCV  
  16  0:44  Barracks  
  16  0:50  SCV  
  17  1:02  SCV  
  18  1:14  SCV  
  19  1:31  Orbital Command, Reaper  
  20  1:43  Command Center  
  20  1:54  Factory  
  20  1:59  SCV  
  21  2:06  Barracks Reactor  
  21  2:11  SCV  
  21  2:13  Supply Depot  
  22  2:19  Refinery  
  22  2:23  SCV  
  23  2:35  SCV  
  24  2:46  Starport, Hellion x2  
  24  2:48  SCV  
  29  2:58  Marine  
  29  3:00  SCV  
  30  3:07  Hellion x2  
  34  3:13  SCV  
  34  3:15  Orbital Command  
  34  3:18  Barracks Tech Lab  
  35  3:22  Refinery  
  35  3:25  SCV  
  36  3:29  Starport Tech Lab  
  36  3:37  SCV  
  36  3:40  SCV  
  38  3:42  Cyclone  
  38  3:46  Supply Depot  
  41  3:49  SCV  
  41  3:50  Raven  
  41  3:52  SCV  
  41  3:54  Marine  
  46  4:02  Supply Depot  
  46  4:07  SCV x2  
  48  4:12  Marine  
  48  4:13  Marine  
  48  4:14  Siege Tank  
  53  4:19  SCV  
  53  4:23  SCV  
  55  4:32  SCV  
  55  4:33  Raven  
  55  4:36  SCV  
  55  4:37  Marine x2  
  59  4:44  SCV  
  57  4:48  SCV  
  57  4:52  Siege Tank  
  56  4:56  SCV  
  56  4:59  Marine  
  52  5:00  SCV, Marine  
  52  5:05  Command Center  
  55  5:08  SCV  
  55  5:10  Supply Depot  
  55  5:13  SCV  
  57  5:20  SCV  
  58  5:23  Refinery  
  58  5:25  SCV, Siege Tank  
  62  5:32  SCV, Viking x2  
  62  5:33  Marine, Supply Depot  
  68  5:37  SCV  
  68  5:41  Stimpack  
  69  5:44  SCV  
  69  5:47  Supply Depot  
  70  5:55  SCV, Barracks, Marine  
  70  5:56  SCV, Barracks  
  73  5:59  Siege Tank  
  76  6:07  SCV  
  76  6:08  Viking x2  
  81  6:12  SCV, Supply Depot  
  81  6:17  Marine  
  83  6:19  SCV  
  83  6:24  SCV, Engineering Bay x2  
  85  6:26  Supply Depot  
  85  6:31  SCV  
  86  6:34  SCV, Marine, Siege Tank  
  90  6:41  Viking  
  90  6:42  Barracks Reactor, SCV  
  90  6:44  Barracks Reactor  
  93  6:47  Orbital Command  
  93  6:49  SCV  
  93  6:52  Marine  
  94  6:54  SCV  
  94  6:58  Viking  
  94  6:59  Terran Infantry Weapons Level 1  
  97  7:02  Terran Infantry Armor Level 1  
  97  7:05  SCV, Supply Depot  
  97  7:06  SCV  
  98  7:10  Marine  
  98  7:14  SCV  
  100  7:16  Siege Tank  
  100  7:17  SCV  
  100  7:20  Marine x2  
  100  7:21  Refinery x2  
  106  7:23  Marine  
  106  7:24  SCV  
  106  7:27  Combat Shield  
  106  7:28  Barracks, Marine  
  109  7:30  Barracks  
  109  7:31  SCV  
  109  7:32  Marine  
  111  7:38  Marine  
  111  7:39  Marine  
  111  7:40  Marine  
  111  7:41  Supply Depot  
  113  7:45  Viking  
  113  7:46  Marine, Viking  
  117  7:55  Supply Depot  
  117  7:56  Marine x2, Missile Turret  
  119  8:02  Marine  
  119  8:04  Marine  
  121  8:07  Marine  
  121  8:11  Siege Tank  
  120  8:13  Marine  
  120  8:14  Marine  
  114  8:21  Marine  
  113  8:27  Marine  
  113  8:30  Marine  
  113  8:31  Marine  
  113  8:39  Marine  
  106  8:48  Marine  
  106  8:51  Marine  
  62  8:56  Marine  
  62  9:01  Orbital Command  
  58  9:06  Marine  
  58  9:14  Marine  
  57  9:17  Barracks  
  57  9:22  Orbital Command  
  52  9:24  Marine  
  51  9:35  SCV  
  52  9:48  SCV  
  52  9:50  SCV  
  52  9:56  Barracks  
  52  10:00  SCV  
  52  10:02  Barracks  
  52  10:04  SCV  
  54  10:08  Barracks Reactor  
  54  10:12  SCV  
  55  10:16  SCV  
  56  10:24  SCV  
  57  10:28  SCV  
  57  10:29  Refinery  
  57  10:30  Refinery  
  58  10:36  SCV  
  59  10:44  Marine x2  
  59  10:45  Marine  
  59  10:46  SCV  
  63  10:54  Marine  
  64  10:58  Supply Depot  
  64  10:59  Supply Depot  
  64  11:02  Marine x2  
  64  11:06  Marine  
  65  11:12  Marine  
  65  11:16  Factory  
  66  11:21  Marine  
  66  11:23  Marine  
  66  11:24  Marine  
  61  11:30  Marine  
  51  11:36  Orbital Command  
  51  11:38  SCV, Marine  
  53  11:40  Marine  
  53  11:42  Marine  
  53  11:45  Orbital Command  
  54  11:51  SCV, Marine  
  52  11:56  Marine  
  52  11:58  Marine  
  54  12:02  Factory Tech Lab, SCV  
  54  12:03  SCV  
  54  12:06  Marine  
  54  12:07  Starport  
  57  12:13  Marine  
  58  12:18  Marine  
  58  12:19  SCV x2, Marine  
  62  12:25  SCV  
  62  12:28  Marine, Siege Tank  
  66  12:34  SCV  
  66  12:36  Sensor Tower  
  68  12:37  SCV  
  68  12:41  Marine x2  
  69  12:44  Marine  
  69  12:45  Orbital Command  
  69  12:46  SCV  
  69  12:48  Starport Reactor  
  69  12:49  Marine  
  69  12:50  SCV  
  72  12:58  SCV  
Show
View Real Time Build Order
Export as new Build Order

HeroMarine Terran 

Build Orders: Cyclone Opening 

Get SALT Encoding   

  12  0:00  SCV  
  13  0:12  SCV  
  14  0:17  Supply Depot  
  14  0:24  SCV  
  15  0:38  SCV  
  15  0:40  Barracks  
  15  0:42  Refinery  
  16  0:50  SCV  
  16  0:52  Refinery  
  17  1:03  SCV  
  18  1:15  SCV  
  19  1:27  Reaper, Supply Depot, Orbital Command  
  20  1:40  Factory  
  20  1:52  SCV  
  21  1:59  Reaper  
  22  2:04  SCV  
  23  2:17  SCV, Command Center  
  24  2:23  Factory Tech Lab  
  24  2:29  SCV  
  25  2:30  Supply Depot  
  25  2:31  Barracks Reactor  
  25  2:41  SCV  
  25  2:43  Cyclone  
  29  2:53  SCV  
  30  3:03  Starport  
  30  3:05  SCV  
  31  3:08  Marine x2  
  33  3:17  Refinery, SCV  
  34  3:20  Cyclone  
  34  3:25  Marine x2  
  39  3:30  Orbital Command  
  39  3:32  SCV  
  40  3:39  Medivac  
  42  3:43  Marine x2  
  42  3:44  SCV  
  45  3:53  Supply Depot  
  45  3:56  SCV  
  45  3:58  Siege Tank  
  45  3:59  SCV  
  50  4:04  Marine  
  50  4:05  Marine  
  50  4:09  Viking  
  54  4:14  SCV  
  54  4:15  SCV  
  56  4:19  Supply Depot  
  56  4:22  Marine x2  
  58  4:26  SCV  
  58  4:27  SCV  
  60  4:40  Siege Tank  
  60  4:43  SCV x2  
  52  4:54  Marine x2  
  52  4:55  SCV x2  
  58  5:01  Starport Tech Lab  
  58  5:06  Command Center  
  53  5:07  SCV  
  53  5:08  SCV  
  53  5:11  Marine  
  53  5:12  Marine, Siege Tank  
  60  5:19  Raven, Supply Depot  
  60  5:20  SCV x2  
  64  5:26  Barracks  
  64  5:27  Barracks  
  64  5:29  Marine x2  
  66  5:36  Engineering Bay  
  66  5:38  Engineering Bay  
  66  5:39  SCV x2  
  68  5:44  Siege Tank, Supply Depot  
  71  5:51  SCV x2  
  73  6:03  Refinery, SCV x2  
  75  6:05  Terran Infantry Armor Level 1  
  75  6:06  Terran Infantry Weapons Level 1  
  75  6:08  Marine, Stimpack  
  76  6:14  Barracks x2  
  76  6:15  Barracks Tech Lab  
  78  6:19  Orbital Command  
  78  6:22  Starport Reactor  
  78  6:23  Siege Tank  
  78  6:25  SCV x2  
  80  6:26  Marine  
  80  6:30  Marine x2  
  84  6:35  Supply Depot  
  84  6:37  SCV  
  84  6:38  SCV  
  86  6:41  Marine  
  86  6:43  Orbital Command  
  86  6:44  Marine  
  88  6:48  Marine x2, Combat Shield  
  88  6:50  SCV x2  
  91  6:57  Siege Tank  
  91  6:59  Marine  
  95  7:02  SCV x2, Marine, Medivac  
  95  7:03  Supply Depot  
  95  7:05  Medivac  
  95  7:06  Marine x2  
  104  7:10  SCV  
  104  7:14  SCV x2  
  108  7:16  Barracks Reactor x2  
  108  7:17  Marine  
  108  7:19  Marine  
  108  7:22  SCV  
  109  7:24  Marine x2  
  109  7:26  SCV x2  
  109  7:28  Supply Depot  
  109  7:29  Refinery, Supply Depot  
  112  7:30  Refinery  
  112  7:32  Medivac  
  112  7:34  SCV, Marine  
  114  7:37  Marine  
  114  7:38  SCV x2  
  114  7:40  Supply Depot  
  114  7:41  Marine  
  114  7:42  Sensor Tower  
  117  7:50  Marine, Siege Tank  
  121  7:52  Marine x5  
  121  7:55  Marine  
  121  7:56  Viking  
  124  7:59  Marine  
  121  8:10  Marine  
  117  8:12  Marine  
  117  8:13  Marine  
  114  8:23  Siege Tank  
  91  8:34  Orbital Command, Marine  
  91  8:35  Marine x3  
  94  8:47  Orbital Command  
  89  8:52  Marine x4  
  75  9:10  Marine  
  75  9:12  Marine x3  
  75  9:28  Marine  
  71  9:32  Marine  
  71  9:33  Marine x3  
  69  9:46  Marine  
  69  9:48  Supply Depot  
  69  9:49  Marine, Supply Depot  
  71  10:02  Marine  
  71  10:10  Marine x4  
  75  10:15  Supply Depot x2  
  75  10:18  Factory  
  75  10:20  Marine  
  76  10:28  Marine x4  
  80  10:33  SCV  
  81  10:38  Refinery x2, Marine  
  81  10:45  SCV, Marine x4  
  81  10:48  Supply Depot  
  86  10:56  Marine  
  87  10:57  SCV  
  87  11:03  Marine, Supply Depot  
  88  11:16  Marine x2  
  80  11:20  Marine x2  
  55  11:31  Marine  
  43  11:34  Marine  
  43  11:39  Factory Tech Lab  
  40  11:42  Command Center  
  40  11:45  Marine  
  40  11:47  Marine  
  41  11:52  Marine  
  40  11:59  Siege Tank  
  42  12:02  Marine  
  42  12:06  Marine  
  42  12:07  Marine  
  45  12:10  Marine  
  45  12:14  Marine  
  47  12:18  SCV  
  47  12:20  Marine  
  49  12:23  Marine  
  49  12:26  Marine  
  49  12:27  Marine  
  51  12:33  Starport  
  51  12:43  Marine x2  
  56  12:46  Marine  
  56  12:48  Marine  
  56  12:50  Marine  
  59  12:58  SCV  
Tags
 
Add a new tag
Caveats
  • Supply blocks, unpowered buildings, or Contaminate may cause inaccurate times.
  • Supply counts are checked every 10 seconds.